 Dungeon Crawl Stone Soup version 0.22-a0-447-gee5f7238b3 (webtiles) character file.

12740 Kriby the Spear-Bearer (level 11, -6/80 HPs)
             Began as a Merfolk Skald on June 3, 2018.
             Was a Follower of Hepliaklqana.
             Mangled by a komodo dragon (27 damage)
             ... on level 2 of the Lair of Beasts.
             The game lasted 00:26:40 (14431 turns).

Kriby the Spear-Bearer (Merfolk Skald)             Turns: 14431, Time: 00:26:40

Health: -6/80      AC: 10    Str: 15    XL:     11   Next: 98%
Magic:  3/15       EV: 19    Int: 13    God:    Hepliaklqana [*.....]
Gold:   766        SH:  0    Dex: 13    Spells: 5/14 levels left

rFire    . . .     SeeInvis .   z - +1 glaive
rCold    + . .     Gourm    .   (shield currently unavailable)
rNeg     . . .     Faith    .   h - +0 troll leather armour
rPois    .         Spirit   .   g - +1 helmet
rElec    .         Reflect  .   x - +2 cloak
rCorr    .         Harm     .   (no gloves)
MR       .....                  p - +0 pair of boots
Stlth    ++........             F - amulet of magic regeneration
HPRegen  0.63/turn              o - ring of stealth
MPRegen  0.39/turn              c - ring of protection from cold

@: very slightly contaminated
A: change form in water, swift swim, stealthy swim, reduced essence
a: Recall Ancestor, Ancestor Identity, Renounce Religion


You were on level 2 of the Lair of Beasts.
You worshipped Hepliaklqana.
Hepliaklqana was aware of your devotion.
You were hungry.

You visited 3 branches of the dungeon, and saw 13 of its levels.
You also visited: Sewer.

You collected 766 gold pieces.

Inventory:

Hand Weapons
 a - a +0 spear
 b - a +0 trident
 s - a +0 quarterstaff
 z - a +1 glaive (weapon)
Missiles
 q - a throwing net (quivered)
Armour
 g - a +1 helmet (worn)
 h - a +0 troll leather armour (worn)
 p - a +0 pair of boots (worn)
 x - a +2 cloak (worn)
 y - the +2 robe "Utasiem" {+Fly rElec rN+ Str+2}
   (You took it off an orc wizard on level 8 of the Dungeon)

   It affects your strength (+2).
   It insulates you from electricity.
   It protects you from negative energy.
   It lets you fly.
 A - a +0 shield of reflection
Jewellery
 c - a ring of protection from cold (right hand)
 o - a ring of stealth (left hand)
 v - the amulet "Bumi" {*Slow +Blink rC- Regen+ Dex+4}
   (You found it on level 10 of the Dungeon)

   [amulet of regeneration]

   It affects your dexterity (+4).
   It makes you vulnerable to cold.
   It lets you blink.
   It increases your rate of regeneration.
   It may slow you when you take damage.
 B - an uncursed amulet of faith
 F - an amulet of magic regeneration (around neck)
Wands
 e - a wand of paralysis (32)
 f - a wand of flame (7)
 w - a wand of disintegration (17)
Scrolls
 j - a scroll of enchant weapon
 k - 2 scrolls of identify {@r1}
 m - 2 scrolls of blinking {@r4}
 n - 2 scrolls of teleportation {@r3}
 r - a scroll of fog
 D - a scroll of remove curse {@r2}
 E - a scroll of fear {unknown}
Potions
 i - 6 potions of curing {@q1}
 l - a potion of lignification
 t - a potion of resistance
 u - 3 potions of flight
 C - 2 potions of heal wounds {unknown}
Comestibles
 d - 17 rations {@e1}


   Skills:
 + Level 9.4 Fighting
 + Level 13.4 Polearms
 - Level 0.6 Armour
 + Level 12.5 Dodging
 - Level 2.0 Spellcasting
 - Level 9.0 Charms
 * Level 6.5 Evocations


You had 5 spell levels left.
You knew the following spells:

 Your Spells              Type           Power        Failure   Level  Hunger
a - Infusion              Chrm           ###.         1%          1    ##.....
b - Shroud of Golubria    Chrm/Tloc      ##........   8%          2    ###....
r - Regeneration          Chrm/Necr      ##........   14%         3    ####...
w - Spectral Weapon       Hex/Chrm       ##......     14%         3    ####...

Your spell library contained the following spells:

 Spells                   Type           Power        Failure   Level  Hunger
 Throw Frost              Conj/Ice       #.....       43%         2    ###....
 Freeze                   Ice            #...         30%         1    ##.....
 Summon Ice Beast         Ice/Summ       #.......     97%         4    #####..
 Ozocubu's Armour         Chrm/Ice       ##......     14%         3    ####...
 Throw Icicle             Conj/Ice       #.......     97%         4    #####..
 Song of Slaying          Chrm           ###.....     1%          2    ###....


Dungeon Overview and Level Annotations

Branches:
Dungeon (10/15)            Temple (1/1) D:7            Lair (2/6) D:8
    Orc (0/2) D:9
  Swamp: Lair:2-4    Shoals: Lair:2-4     Snake: Lair:2-4    Spider: Lair:2-4

Altars:
Ashenzari
Cheibriados
Dithmenos
Elyvilon
Fedhas
Gozag
Hepliaklqana
Kikubaaqudgha
Makhleb
Nemelex Xobeh
Okawaru
Qazlal
Ru
Sif Muna
Trog
Uskayaw
Vehumet
Wu Jian
Xom
Yredelemnul
Zin
The Shining One

Annotations:
D:6 exclusion: oklob plant


Message History

Your spectral weapon hits the komodo dragon from afar!
The komodo dragon bites you!!
Your shroud falls apart!
You are too injured to fight recklessly!
You are too injured to fight recklessly!
You are too injured to fight recklessly!
You barely miss the komodo dragon.
The komodo dragon is moderately wounded.
Your spectral weapon misses the komodo dragon.
The komodo dragon bites you.
* * * LOW HITPOINT WARNING * * *
You barely miss the komodo dragon.
The komodo dragon is moderately wounded.
Your spectral weapon hits the komodo dragon from afar.
The komodo dragon barely misses you.
Your troll leather armour prevents you from hitting the komodo dragon.
The komodo dragon is moderately wounded.
Your spectral weapon hits the komodo dragon from afar!
The komodo dragon bites you!!
You die...

### ### ## ######.##
....#.##.......##
...............#
..+###..#.#+..### #
................### #
... .#.+##.#+........###
.....#l#....#.#.......##
.......@..#)..#........#
.....#(#.#..#.#.........
$.. ........#...........
. ...#.+####+.#.........
.....#. ..............
..
...$.+.####..#+.........
....#
........................
#...#. PP#..#P
................ #..#..
#..######.............


You could see a komodo dragon and a friendly spectral glaive.

Vanquished Creatures
  Josephine (D:10)
  A black mamba (Lair:2)
  4 spiny frogs
  2 komodo dragons (Lair:1)
  2 trolls
  3 hornets (D:10)
  4 hippogriffs
  11 yaks
  5 wraiths (D:10)
  7 water moccasins
  3 ice beasts
  3 porcupines
  4 orc warriors (D:9)
  A sky beast (D:6)
  4 black bears
  A phantom (D:4)
  9 wolves
  4 ogres
  2 centaurs
  A crocodile (Lair:1)
  5 bullfrogs
  2 big kobolds
  2 scorpions
  A howler monkey (D:5)
  2 electric eels (D:8)
  4 crimson imps
  A bullfrog zombie (D:6)
  5 orc priests
  A jelly (D:10)
  A gnoll shaman (D:4)
  5 hounds
  9 orc wizards
  4 iguanas
  A centaur skeleton (D:9)
  3 worker ants
  Terence (D:3)
  A killer bee zombie (D:7)
  3 hound skeletons
  9 gnolls
  A river rat (Sewer)
  13 adders
  A howler monkey skeleton (D:9)
  A shadow imp (D:7)
  An adder skeleton (D:6)
  2 worms
  6 dart slugs
  5 leopard geckos
  31 orcs
  A ball python (D:5)
  7 giant cockroaches
  2 goblins (D:1)
  7 hobgoblins
  3 jackals
  A quokka (D:4)
  6 bats
  3 frilled lizards (D:2)
  A jackal zombie (D:5)
  5 kobolds
  A leopard gecko skeleton (D:4)
  15 rats
245 creatures vanquished.

Vanquished Creatures (collateral kills)
  2 yaks (Lair:2)
  A crocodile (Lair:1)
3 creatures vanquished.

Vanquished Creatures (others)
  A wizard (D:6)
  2 ancestors
  6 spectral weapons
9 creatures vanquished.

Grand Total: 257 creatures vanquished

Notes
Turn   | Place    | Note
-------+----------+-------------------------------------------
     0 | D:1      | Kriby the Merfolk Skald began the quest for the Orb.
     0 | D:1      | Reached XP level 1. HP: 16/16 MP: 3/3
   203 | D:1      | Reached XP level 2. HP: 23/23 MP: 5/5
  1205 | D:2      | Reached XP level 3. HP: 27/28 MP: 6/6
  1216 | D:2      | Reached skill level 4 in Polearms
  1767 | D:2      | Reached XP level 4. HP: 33/34 MP: 2/7
  2219 | D:3      | Found a shattered altar of Ashenzari.
  2285 | D:3      | Noticed Terence
  2303 | D:3      | Killed Terence
  2303 | D:3      | Reached skill level 5 in Polearms
  2766 | D:3      | Reached XP level 5. HP: 41/41 MP: 8/8
  2868 | D:3      | Found a burning altar of Makhleb.
  3055 | D:3      | Found a sacrificial altar of Ru.
  3107 | D:3      | Reached skill level 5 in Dodging
  3158 | D:3      | Learned a level 2 spell: Shroud of Golubria
  3162 | D:3      | Learned a level 3 spell: Regeneration
  3514 | D:3      | Reached skill level 6 in Polearms
  3514 | D:3      | Reached XP level 6. HP: 45/47 MP: 9/9
  3903 | D:4      | Noticed a hippogriff
  4410 | D:4      | Noticed a phantom
  4432 | D:4      | Killed a phantom
  4644 | D:4      | Reached XP level 7. HP: 43/54 MP: 1/10
  4726 | D:4      | Reached skill level 7 in Polearms
  4745 | D:4      | Found a deep blue altar of Sif Muna.
  4859 | D:4      | Killed a hippogriff
  5146 | D:5      | Entered Level 5 of the Dungeon
  5619 | D:5      | Reached skill level 8 in Polearms
  6000 | D:5      | Reached XP level 8. HP: 61/61 MP: 11/11
  6535 | D:6      | Reached skill level 5 in Fighting
  6535 | D:6      | Reached skill level 9 in Polearms
  6710 | D:6      | Found a glowing drain.
  6741 | Sewer    | Entered a sewer
  6962 | Sewer    | Found a white marble altar of Elyvilon.
  7189 | D:6      | Found a snail-covered altar of Cheibriados.
  7320 | D:6      | Found a blossoming altar of Fedhas.
  7341 | D:6      | Noticed an oklob plant
  7537 | D:6      | Found a bloodstained altar of Trog.
  7538 | D:6      | Noticed a wizard
  7546 | D:6      | Killed a wizard
  7761 | D:7      | Reached skill level 10 in Polearms
  7943 | D:7      | Found a glowing golden altar of the Shining One.
  8085 | D:7      | Reached XP level 9. HP: 58/69 MP: 5/12
  8271 | D:7      | Found a staircase to the Ecumenical Temple.
  9088 | D:8      | Noticed a troll
  9112 | D:8      | Killed a troll
  9112 | D:8      | Reached skill level 5 in Charms
  9417 | D:8      | Reached skill level 10 in Dodging
  9447 | D:8      | Got a polished chain mail
  9448 | D:8      | Identified the cursed +1 chain mail "Raplanoge" {Int+4 Dex+4} (You found it on level 8 of the Dungeon)
  9712 | D:8      | Found a staircase to the Lair.
  9747 | D:8      | Found a shimmering altar of Xom.
  9937 | D:8      | Reached skill level 11 in Polearms
 10233 | D:8      | Identified the +2 robe "Utasiem" {+Fly rElec rN+ Str+2} (You took it off an orc wizard on level 8 of the Dungeon)
 10301 | D:8      | Learned a level 3 spell: Spectral Weapon
 10583 | D:9      | Reached XP level 10. HP: 63/79 MP: 13/13
 10849 | D:9      | Found a staircase to the Orcish Mines.
 11169 | D:9      | Noticed a dagger
 11169 | D:9      | Noticed a dagger
 11170 | D:9      | Found a hide-covered altar of Uskayaw.
 11667 | D:10     | Entered Level 10 of the Dungeon
 11677 | D:10     | Reached skill level 12 in Polearms
 11809 | D:10     | Found an opulent altar of Gozag.
 12061 | D:10     | Noticed Josephine
 12075 | D:10     | Killed Josephine
 12087 | D:10     | Reached XP level 11. HP: 55/86 MP: 8/14
 12233 | Temple   | Entered the Ecumenical Temple
 12422 | Temple   | Became a worshipper of Hepliaklqana the Forgotten
 12827 | D:10     | Got a coiled bone amulet
 12828 | D:10     | Identified the amulet "Bumi" {*Slow +Blink rC- Regen+ Dex+4} (You found it on level 10 of the Dungeon)
 12923 | Lair:1   | Entered Level 1 of the Lair of Beasts
 13443 | Lair:1   | Reached skill level 5 in Evocations
 13447 | Lair:1   | Reached skill level 13 in Polearms
 13500 | Lair:1   | Reached * piety under Hepliaklqana
 14431 | Lair:2   | Mangled by a komodo dragon

Vault maps used:
D:1:      dpeg_arrival_three_same_balls, minmay_strange_pillars, hex_tiny,
          minmay_unequal
D:3:      lemuel_crystal_altar, nicolae_ru_the_path_less_chosen,
          nicolae_ashenzari_panopticon, uniq_terence
D:4:      lemuel_blue_sif_altar
D:5:      first_ration, kennysheep_generic_room_10
D:6:      tgw_fedhas, kennysheep_slug_shrine, portal_sewer_entry_f,
          serial_bayou_pond_e, trog_wizard
D:7:      temple_fountains, basic_altar
D:8:      brannock_xom_greatest_gift, erik_lair_island
D:9:      dancing_weapons_uskayaw, erik_orc_3
D:10:     hangedman_pestilent_swarm,
          nicolae_gozag_cash_rules_everything_around_me, uniq_josephine
Temple:   regret_index_temple_generic_petals
Lair:1:   guppyfry_lair_drakes
Lair:2:   minmay_shoals_entry_hut, minivault_11, grunt_megastairs_1
Sewer:    sewer_kobolds

Skill      XL: |  1  2  3  4  5  6  7  8  9 10 11 |
---------------+----------------------------------+-----
Dodging        | 3 4 5 6 7 9 10 11 12 | 12.5
Polearms       | 4 5 6 8 10 11 12 13 | 13.4
Fighting       | 3 4 5 7 8 9 |  9.4
Charms         | 6 8 9 |  9.0
Evocations     | 2 6 |  6.5
Armour         | |  0.6
Spellcasting   | |  2.0

Action                   |  1- 3 |  4- 6 |  7- 9 | 10-12 || total
-------------------------+-------+-------+-------+-------++-------
Melee: Spear             |   143 |   227 |   623 |       ||   993
       Quarterstaff      |       |       |    22 |       ||    22
       Trident           |       |       |     2 |   125 ||   127
       Glaive            |       |       |       |   219 ||   219
 Cast: Infusion          |     3 |    12 |    35 |    14 ||    64
       Shroud of Golubri |       |       |    10 |    23 ||    33
       Spectral Weapon   |       |       |       |    27 ||    27
       Regeneration      |       |       |       |    14 ||    14
Invok: Recall Ancestor   |       |       |       |     2 ||     2
       Ancestor Identity |       |       |       |     2 ||     2
Evoke: Wand              |       |       |    37 |    10 ||    47
  Use: Scroll            |       |     2 |    12 |     4 ||    18
       Potion            |       |     1 |     4 |     2 ||     7
 Stab: Paralysed         |       |       |    26 |     3 ||    29
       Sleeping          |       |       |     2 |     7 ||     9
       Distracted        |       |       |       |     1 ||     1
  Eat: Chunk             |     2 |     9 |    19 |    21 ||    51
       Ration            |       |       |     1 |       ||     1
Armor: Leather armour    |    13 |       |       |       ||    13
       Ring mail         |    18 |    52 |   103 |       ||   173
       Skin              |       |       |    12 |    21 ||    33
       Robe              |       |       |    15 |     3 ||    18
       Troll leather arm |       |       |       |    40 ||    40
Dodge: Dodged            |    58 |   115 |   310 |   265 ||   748

Table legend:
 A = Spawn XP
 B = Non-spawn XP
 C = Spawn XP percentage of total XP
 D = Spawn monster count
 E = Non-spawn monster count
 F = Spawn count percentage of total count
 G = Total turns spent on level
                    A         B        C        D         E        F      G
               +---------+---------+-------+---------+---------+-------+---------
         Total |       0 |   18201 |   0.0 |       0 |     248 |   0.0 | 14431
               +---------+---------+-------+---------+---------+-------+---------
           D:1 |       0 |      31 |   0.0 |       0 |      20 |   0.0 |  1154
           D:2 |       0 |      78 |   0.0 |       0 |      16 |   0.0 |  1017
           D:3 |       0 |     167 |   0.0 |       0 |      16 |   0.0 |  1495
           D:4 |       0 |     678 |   0.0 |       0 |      19 |   0.0 |  1743
           D:5 |       0 |     365 |   0.0 |       0 |       8 |   0.0 |  1028
           D:6 |       0 |     551 |   0.0 |       0 |      21 |   0.0 |  1021
           D:7 |       0 |     842 |   0.0 |       0 |      21 |   0.0 |  1625
           D:8 |       0 |    1281 |   0.0 |       0 |      22 |   0.0 |  1115
           D:9 |       0 |    2926 |   0.0 |       0 |      37 |   0.0 |  1422
          D:10 |       0 |    3927 |   0.0 |       0 |      22 |   0.0 |   832
        Lair:1 |       0 |    3989 |   0.0 |       0 |      21 |   0.0 |  1002
        Lair:2 |       0 |    3241 |   0.0 |       0 |      15 |   0.0 |   506
         Sewer |       0 |     125 |   0.0 |       0 |      10 |   0.0 |   258
               +---------+---------+-------+---------+---------+-------+---------
